General information
- name: BNet
- type: Ladder team game (AT/RT)
- host: Battle.net
- saver: NlGGER_PRIDE
map: MarketSquare
- players: 8
- length: 27:48
- speed: Fast
- version: 1.26 W3XP
- replay type: Public
» download(154 KB)
Players
team 1 (loser)
MilOyaGamI (
green | 60 APM | 1231 actions | 20:24)
5 Demon Hunter
3 Mana Burn
2 Evasion
3 Keeper of the Grove
2 Entangling Roots
1 Thorns Aura
» actions
| Assign group hotkey | 38 | |
| Basic commands | 123 | |
| Build / train | 66 | |
| ESC pressed | 1 | |
| Enter build submenu | 18 | |
| Enter hero's abilities submenu | 10 | |
| Give item / drop item | 4 | |
| Right click | 171 | |
| Select / deselect | 459 | |
| Select group hotkey | 263 | |
| Use ability | 77 | |
1231 total
» units
| Wisp | 17 | |
| Huntress | 6 | |
| Mountain Giant | 4 | |
| Dryad | 3 | |
| Faerie Dragon | 2 | |
| Hippogryph | 5 | |
37 total
» upgrades
| Hardened Skin | 1 | |
| Resistant Skin | 1 | |
| Well Spring | 1 | |
| Reinforced Hides | 2 | |
| Strength of the Wild | 3 | |
| Abolish Magic | 1 | |
| Ultravision | 1 | |
| Nature's Blessing | 1 | |
11 total
» buildings
| Altar of Elders | 1 | |
| Moon Well | 8 | |
| Hunter's Hall | 1 | |
| Ancient of War | 1 | |
| Tree of Ages | 1 | |
| Ancient of Wonders | 1 | |
| Tree of Eternity | 1 | |
| Ancient of Lore | 2 | |
| Tree of Life | 1 | |
| Ancient of Wind | 1 | |
18 total
» build order
00:09 Altar of Elders
00:21 Moon Well
01:46 Hunter's Hall
01:51 Ancient of War
02:06 Moon Well
03:01 Tree of Ages
03:21 Ancient of Wonders
04:18 Moon Well
06:13 Tree of Eternity
06:14 Ancient of Lore
07:09 Ancient of Lore
08:14 Moon Well
09:03 Tree of Life
13:26 Moon Well
13:59 Ancient of Wind
16:57 Moon Well
17:15 Moon Well
18:01 Moon Well
» items
| Orb of Venom | 1 | |
| Staff of Preservation | 1 | |
| Boots of Speed | 1 | |
3 total
I.amthelawmaker (
teal | 34 APM | 889 actions | 26:30)
6 Blademaster
2 Wind Walk
3 Critical Strike
1 Bladestorm
» actions
| Basic commands | 2 | |
| Build / train | 78 | |
| Enter build submenu | 16 | |
| Enter hero's abilities submenu | 6 | |
| Right click | 512 | |
| Select / deselect | 225 | |
| Use ability | 50 | |
889 total
» units
| Peon | 18 | |
| Grunt | 2 | |
| Troll Headhunter/Berserker | 14 | |
| Wind Rider | 12 | |
| Shaman | 7 | |
53 total
» upgrades
| Ranged Weapons | 1 | |
| Shaman Training | 2 | |
| Berserker Upgrade | 1 | |
| Armor | 1 | |
| Reinforced Defenses | 1 | |
6 total
» buildings
| Altar of Storms | 1 | |
| Orc Burrow | 5 | |
| Barracks | 1 | |
| Voodoo Lounge | 1 | |
| War Mill | 1 | |
| Stronghold | 1 | |
| Beastiary | 1 | |
| Spirit Lodge | 1 | |
| Fortress | 1 | |
| Great Hall | 2 | |
| Watch Tower | 2 | |
17 total
» build order
00:09 Altar of Storms
00:22 Orc Burrow
00:54 Barracks
01:07 Voodoo Lounge
01:45 Orc Burrow
02:14 War Mill
03:49 Stronghold
04:52 Orc Burrow
06:18 Beastiary
07:08 Spirit Lodge
08:22 Orc Burrow
08:23 Fortress
09:59 Orc Burrow
13:09 Great Hall
14:17 Watch Tower
14:21 Watch Tower
19:58 Great Hall
» items
| Healing Salve | 2 | |
| Scroll of Town Portal | 3 | |
| Scroll of Speed | 2 | |
| Orb of Lightning | 1 | |
| Scroll of Healing | 2 | |
10 total
dasfdasfasdf (
purple | 31 APM | 857 actions | 27:47)
1 Pandaren Brewmaster
1 Drunken Haze
» actions
| Assign group hotkey | 13 | |
| Basic commands | 7 | |
| Build / train | 51 | |
| Enter build submenu | 21 | |
| Enter hero's abilities submenu | 1 | |
| Give item / drop item | 1 | |
| Right click | 342 | |
| Select / deselect | 139 | |
| Select group hotkey | 193 | |
| Use ability | 89 | |
857 total
» units
» upgrades
» buildings
| Altar of Kings | 1 | |
| Scout Tower | 1 | |
| Farm | 24 | |
| Arcane Tower | 1 | |
| Keep | 1 | |
| Lumber Mill | 1 | |
| Arcane Vault | 5 | |
| Castle | 1 | |
35 total
» build order
01:34 Altar of Kings
01:38 Scout Tower
01:47 Farm
01:51 Farm
02:06 Arcane Tower
03:01 Keep
03:11 Farm
03:12 Farm
03:14 Farm
03:16 Farm
03:17 Farm
03:28 Farm
03:31 Farm
03:33 Farm
03:35 Farm
04:38 Farm
04:42 Farm
04:46 Farm
04:48 Farm
04:49 Farm
04:51 Farm
05:19 Lumber Mill
05:25 Farm
05:26 Farm
05:29 Farm
05:33 Farm
05:55 Arcane Vault
06:00 Arcane Vault
07:19 Farm
10:13 Castle
14:34 Farm
15:14 Arcane Vault
15:20 Arcane Vault
16:11 Arcane Vault
25:38 Farm
» items
| Staff of Teleportation | 1 | |
| Potion of Invisibility | 1 | |
| Mechanical Critter | 25 | |
| Scroll of Town Portal | 8 | |
35 total

»
najja (
yellow | 28 APM | 594 actions | 20:59)
4 Archmage
2 Blizzard
2 Brilliance Aura
» actions
| Assign group hotkey | 2 | |
| Basic commands | 4 | |
| Build / train | 46 | |
| Enter build submenu | 13 | |
| Enter hero's abilities submenu | 3 | |
| Right click | 310 | |
| Select / deselect | 186 | |
| Select group hotkey | 4 | |
| Use ability | 26 | |
594 total
» units
| Peasant | 7 | |
| Rifleman | 17 | |
| Mortar Team | 8 | |
32 total
» upgrades
| Gunpowder | 3 | |
| Lumber Harvesting | 1 | |
| Long Rifles | 1 | |
| Fragmentation Shards | 1 | |
| Armor | 1 | |
7 total
» buildings
| Altar of Kings | 1 | |
| Farm | 11 | |
| Barracks | 1 | |
| Blacksmith | 1 | |
| Keep | 1 | |
| Lumber Mill | 1 | |
| Workshop | 1 | |
| Castle | 1 | |
| Town Hall | 1 | |
19 total
» build order
00:06 Altar of Kings
00:10 Farm
00:14 Barracks
00:58 Farm
02:38 Blacksmith
03:11 Farm
03:13 Farm
04:02 Keep
05:11 Lumber Mill
06:53 Workshop
08:10 Castle
08:18 Farm
08:19 Farm
08:20 Farm
09:49 Farm
14:43 Farm
14:44 Farm
14:45 Farm
16:13 Town Hall
team 2 (winner)
Brainsludge (
orange | 35 APM | 975 actions | 27:47)
8 Tauren Chieftain
3 Shockwave
3 Endurance Aura
1 Reincarnation
1 War Stomp
» actions
| Assign group hotkey | 19 | |
| Basic commands | 119 | |
| Build / train | 59 | |
| Enter build submenu | 20 | |
| Enter hero's abilities submenu | 8 | |
| Right click | 150 | |
| Select / deselect | 222 | |
| Select group hotkey | 307 | |
| Use ability | 71 | |
975 total
» units
| Peon | 9 | |
| Grunt | 6 | |
| Tauren | 7 | |
| Shaman | 5 | |
| Troll Witch Doctor | 5 | |
32 total
» upgrades
| Armor | 1 | |
| Shaman Training | 2 | |
| Witch Doctor Training | 2 | |
| Melee Weapons | 3 | |
| Pulverize | 1 | |
9 total
» buildings
| Altar of Storms | 1 | |
| Orc Burrow | 7 | |
| Barracks | 1 | |
| Voodoo Lounge | 1 | |
| War Mill | 1 | |
| Stronghold | 1 | |
| Watch Tower | 4 | |
| Fortress | 1 | |
| Spirit Lodge | 2 | |
| Tauren Totem | 2 | |
21 total
» build order
00:06 Altar of Storms
00:07 Orc Burrow
00:35 Barracks
01:19 Orc Burrow
02:35 Voodoo Lounge
03:38 Orc Burrow
03:49 War Mill
05:04 Stronghold
05:18 Watch Tower
06:27 Watch Tower
07:26 Fortress
07:34 Spirit Lodge
07:38 Spirit Lodge
09:07 Orc Burrow
10:07 Tauren Totem
10:20 Tauren Totem
13:32 Watch Tower
13:36 Watch Tower
14:02 Orc Burrow
14:57 Orc Burrow
25:07 Orc Burrow
» items
| Healing Salve | 2 | |
| Lesser Clarity Potion | 2 | |
| Orb of Lightning | 1 | |
| Potion of Healing | 1 | |
| Scroll of Town Portal | 1 | |
7 total
SeRcH (
pink | 37 APM | 1023 actions | 27:47)
7 Demon Hunter
2 Immolation
3 Evasion
1 Mana Burn
1 Metamorphosis
5 Dark Ranger
3 Life Drain
1 Black Arrow
1 Silence
» actions
| Assign group hotkey | 4 | |
| Basic commands | 1 | |
| Build / train | 65 | |
| Enter build submenu | 12 | |
| Enter hero's abilities submenu | 12 | |
| Remove unit from queue | 3 | |
| Right click | 569 | |
| Select / deselect | 301 | |
| Select group hotkey | 1 | |
| Use ability | 55 | |
1023 total
» units
| Wisp | 13 | |
| Archer | 12 | |
| Hippogryph | 7 | |
32 total
» upgrades
| Hippogryph Taming | 1 | |
| Improved Bows | 1 | |
| Strength of the Moon | 3 | |
| Moon Armor | 3 | |
| Ultravision | 0 | |
| Marksmanship | 1 | |
| Strength of the Wild | 1 | |
| Reinforced Hides | 1 | |
| Well Spring | 1 | |
12 total
» buildings
| Altar of Elders | 1 | |
| Moon Well | 7 | |
| Ancient of War | 1 | |
| Tree of Ages | 1 | |
| Hunter's Hall | 1 | |
| Ancient of Wind | 2 | |
| Tree of Eternity | 1 | |
14 total
» build order
00:08 Altar of Elders
00:17 Moon Well
00:32 Ancient of War
02:04 Moon Well
02:41 Tree of Ages
03:02 Moon Well
03:28 Hunter's Hall
05:49 Ancient of Wind
05:51 Ancient of Wind
05:55 Moon Well
05:58 Moon Well
08:28 Moon Well
08:31 Moon Well
10:53 Tree of Eternity
» items
| Healing Salve | 1 | |
| Lesser Clarity Potion | 1 | |
2 total
NlGGER_PRIDE (
red | 51 APM | 1419 actions | 27:48)
4 Mountain King
2 Storm Bolt
2 Thunder Clap
» actions
| Assign group hotkey | 42 | |
| Basic commands | 8 | |
| Build / train | 72 | |
| Enter build submenu | 31 | |
| Enter hero's abilities submenu | 4 | |
| Remove unit from queue | 1 | |
| Right click | 713 | |
| Select / deselect | 346 | |
| Select group hotkey | 138 | |
| Use ability | 64 | |
1419 total
» units
| Peasant | 8 | |
| Footman | 6 | |
| Gryphon Rider | 18 | |
32 total
» upgrades
| Masonry | 3 | |
| Backpack | 1 | |
| Swords | 3 | |
| Storm Hammers | 1 | |
| Animal War Training | 1 | |
| Armor | 3 | |
12 total
» buildings
| Altar of Kings | 1 | |
| Barracks | 1 | |
| Farm | 14 | |
| Scout Tower | 6 | |
| Lumber Mill | 1 | |
| Keep | 1 | |
| Guard Tower | 5 | |
| Blacksmith | 1 | |
| Gryphon Aviary | 2 | |
| Arcane Vault | 3 | |
| Castle | 1 | |
| Arcane Tower | 1 | |
37 total
» build order
00:05 Altar of Kings
00:09 Barracks
00:12 Farm
01:30 Farm
02:30 Scout Tower
02:36 Scout Tower
03:09 Lumber Mill
03:43 Keep
04:08 Farm
04:13 Guard Tower
04:15 Guard Tower
05:29 Scout Tower
05:59 Blacksmith
06:11 Guard Tower
06:19 Gryphon Aviary
07:06 Arcane Vault
07:08 Arcane Vault
07:28 Scout Tower
08:08 Guard Tower
08:36 Castle
09:33 Gryphon Aviary
10:46 Arcane Vault
12:06 Scout Tower
12:07 Scout Tower
12:55 Arcane Tower
13:07 Farm
13:08 Farm
13:27 Guard Tower
13:30 Farm
17:36 Farm
17:50 Farm
19:33 Farm
19:35 Farm
23:11 Farm
24:31 Farm
24:33 Farm
25:58 Farm
» items
| Staff of Teleportation | 1 | |
| Scroll of Town Portal | 1 | |
| Boots of Speed | 1 | |
| Mechanical Critter | 3 | |
| Potion of Lesser Invulnerability | 1 | |
| Orb of Fire | 1 | |
8 total
UbetChaBuM (
blue | 53 APM | 1471 actions | 27:47)
6 Mountain King
3 Storm Bolt
2 Bash
1 Avatar
» actions
| Assign group hotkey | 24 | |
| Basic commands | 22 | |
| Build / train | 60 | |
| ESC pressed | 3 | |
| Enter build submenu | 33 | |
| Enter hero's abilities submenu | 6 | |
| Give item / drop item | 2 | |
| Right click | 548 | |
| Select / deselect | 281 | |
| Select group hotkey | 438 | |
| Use ability | 54 | |
1471 total
» units
| Peasant | 11 | |
| Rifleman | 4 | |
| Mortar Team | 12 | |
27 total
» upgrades
| Masonry | 3 | |
| Gunpowder | 3 | |
| Armor | 3 | |
| Long Rifles | 1 | |
| Flare | 1 | |
| Fragmentation Shards | 1 | |
12 total
» buildings
| Barracks | 1 | |
| Lumber Mill | 1 | |
| Altar of Kings | 1 | |
| Farm | 9 | |
| Scout Tower | 13 | |
| Blacksmith | 1 | |
| Guard Tower | 5 | |
| Keep | 1 | |
| Arcane Tower | 1 | |
| Workshop | 2 | |
| Castle | 1 | |
| Arcane Vault | 1 | |
| Cannon Tower | 2 | |
39 total
» build order
00:18 Barracks
00:23 Lumber Mill
00:47 Altar of Kings
01:12 Farm
01:24 Farm
02:00 Scout Tower
02:04 Scout Tower
02:23 Blacksmith
02:27 Guard Tower
02:31 Farm
02:33 Guard Tower
02:41 Farm
03:09 Scout Tower
03:19 Scout Tower
03:36 Farm
03:41 Scout Tower
03:50 Guard Tower
03:52 Guard Tower
04:48 Keep
04:58 Farm
05:04 Arcane Tower
06:04 Farm
07:35 Workshop
08:20 Castle
08:57 Workshop
10:18 Farm
11:08 Farm
12:47 Arcane Vault
18:30 Scout Tower
18:34 Scout Tower
18:58 Scout Tower
21:03 Guard Tower
21:06 Scout Tower
21:10 Scout Tower
21:15 Scout Tower
25:19 Cannon Tower
25:24 Scout Tower
25:33 Scout Tower
26:33 Cannon Tower
» items
| Periapt of Vitality | 1 | |
| Boots of Speed | 1 | |
| Orb of Fire | 1 | |
| Orb of Lightning | 1 | |
4 total
Chat log
(00:36 / All) NlGGER_PRIDE: BLACK POWUH
(00:41 / Allies) SeRcH: hi arch to hipp riderz
(00:47 / All) dasfdasfasdf: blacks suck
(00:55 / Allies) Brainsludge: taurens casters
(01:01 / Allies) UbetChaBuM: rifles morts
(01:11 / All) NlGGER_PRIDE: blacks are good what are you talking about they make good slaves
(04:31 / Allies) SeRcH: wow blue
(04:44 / Allies) UbetChaBuM: what that was my green dot duee
(06:36 / Allies) UbetChaBuM: creep mid together
(06:37 / Allies) UbetChaBuM: ??
(08:00 / Allies) UbetChaBuM: red?
(08:04 / Allies) NlGGER_PRIDE: yes?
(08:10 / Allies) UbetChaBuM: loilo
(08:30 / Allies) UbetChaBuM: oj can u heal me pls
(08:36 / Allies) UbetChaBuM: ty
(08:42 / Allies) UbetChaBuM: lets get mid orange
(09:31 / Allies) UbetChaBuM: shit they got mid
(09:54 / Allies) NlGGER_PRIDE: 250 gold please
(10:39 / Allies) UbetChaBuM: kill hero focue hero
(11:56 / Allies) UbetChaBuM: out out
(12:34 / Allies) UbetChaBuM: we still ok
(12:36 / Allies) Brainsludge: anyone have extra wood
(12:47 / Allies) Brainsludge: ty
(12:50 / Allies) NlGGER_PRIDE: np
(12:55 / Allies) NlGGER_PRIDE: thanks
(14:05 / All) NlGGER_PRIDE: wtf yellow
(14:08 / All) najja: ur mom
(14:55 / Allies) UbetChaBuM: orange com with me
(14:57 / Allies) UbetChaBuM: for cover
(15:01 / Allies) UbetChaBuM: im hitting yelows main hard
(15:15 / Allies) UbetChaBuM: gogogo
(15:40 / Allies) UbetChaBuM: out
(15:53 / Allies) UbetChaBuM: tp orange
(17:02 / Allies) UbetChaBuM: red come?
(17:57 / Allies) Brainsludge: tp ?
(17:58 / Allies) SeRcH: leave my base
(18:00 / Allies) SeRcH: no
(18:03 / Allies) UbetChaBuM: ok
(18:27 / All) UbetChaBuM: jajajajaja'
(18:29 / Allies) Brainsludge: skip purple
(18:33 / All) dasfdasfasdf: dont attack me retards im no threat
(18:35 / Allies) NlGGER_PRIDE: yeah he has nothing
(18:41 / All) SeRcH: lol
(18:43 / All) dasfdasfasdf: ty
(18:44 / All) dasfdasfasdf: pink
(18:48 / All) NlGGER_PRIDE: np
(18:52 / All) NlGGER_PRIDE: STOP LAGGING JUST LEAVE MANG
(19:13 / All) dasfdasfasdf: its called a farm village, yellow
(19:55 / All) SeRcH: gg
(19:58 / All) UbetChaBuM: gg :)
(20:01 / All) NlGGER_PRIDE: gg
(20:04 / All) dasfdasfasdf: its not my fault we lost
(20:07 / All) dasfdasfasdf: red did the same thing
(20:20 / All) dasfdasfasdf: ed did same thing moron
(20:26 / All) dasfdasfasdf: PINK HELP
(20:28 / All) dasfdasfasdf: YELLOW IS KILLING ME
(20:38 / All) I.amthelawmaker: if i were there io would too
(20:40 / All) I.amthelawmaker: ass
(20:46 / All) NlGGER_PRIDE: more gold is required
(20:47 / All) dasfdasfasdf: TY PINK
(20:48 / All) NlGGER_PRIDE: gold plox
(21:32 / All) SeRcH: lol
(21:37 / Allies) Brainsludge: mortar
(21:50 / All) dasfdasfasdf: reds critter is in there
(21:54 / All) dasfdasfasdf: in case u havent noticed
(21:54 / All) NlGGER_PRIDE: STFU
(21:59 / All) NlGGER_PRIDE: NOW THEY KNOW WTF
(22:02 / All) dasfdasfasdf: whites will rule the earth
(22:07 / All) NlGGER_PRIDE: white power
(22:26 / All) NlGGER_PRIDE: anyone want to join the KKK? I have a free membership for anyone
(22:26 / All) dasfdasfasdf: u have to go after this?
(22:29 / Allies) Brainsludge: need those red
(22:30 / All) NlGGER_PRIDE: yeah
(22:32 / All) NlGGER_PRIDE: for a while
(23:42 / All) NlGGER_PRIDE: WTF DONT KILL PURPLE
(23:47 / All) NlGGER_PRIDE: HE HAS NOTHING NOT A THREAT
(24:14 / All) I.amthelawmaker: yeah but it felt good
(24:19 / All) I.amthelawmaker: he tpd to me
(24:20 / All) I.amthelawmaker: lol
(24:23 / All) NlGGER_PRIDE: feels bad man
(24:27 / All) dasfdasfasdf: fountain almost saved me
(24:30 / All) I.amthelawmaker: fees great
(24:44 / All) I.amthelawmaker: not against me bre
(24:47 / All) UbetChaBuM: gg nigguhs
(24:51 / All) I.amthelawmaker: right into the lions den
(24:53 / All) NlGGER_PRIDE: WHITE POWER
(25:03 / All) NlGGER_PRIDE: NIGGUH, PLEAZ
(25:10 / All) dasfdasfasdf: teal ur 36-31
(25:14 / All) SeRcH: omg i dont have a base
(25:15 / All) NlGGER_PRIDE: lmao
(25:16 / All) dasfdasfasdf: my black sister is bettah
(25:18 / All) NlGGER_PRIDE: teal sucks
(25:20 / All) I.amthelawmaker: yeah because of noobs like you
(25:24 / All) NlGGER_PRIDE: his record is like 1 - 900
(25:26 / All) NlGGER_PRIDE: w/l
(25:29 / All) I.amthelawmaker: lol ok
(25:37 / All) NlGGER_PRIDE: I bet he couldn't even beat a dead rooster
(25:46 / All) NlGGER_PRIDE: its diseases would kill him before he could beat it
(26:14 / All) I.amthelawmaker: awe
(26:16 / All) UbetChaBuM: lol
(26:17 / All) NlGGER_PRIDE: GOLD PLS
(26:18 / All) UbetChaBuM: nigger
(26:24 / All) NlGGER_PRIDE: WHITE POWUH FOR GOLD
(26:27 / All) I.amthelawmaker: see ya nigger lover
(26:31 / All) NlGGER_PRIDE: CYA BOROUGH
(26:39 / All) NlGGER_PRIDE: ITS HAMMUH TIEM
(26:49 / All) UbetChaBuM: muahaha'
(26:58 / All) dasfdasfasdf: what tim etomorrow
(27:00 / All) dasfdasfasdf: will u beon
(27:01 / All) NlGGER_PRIDE: PURP
(27:02 / All) NlGGER_PRIDE: TOLD ME
(27:06 / All) NlGGER_PRIDE: THEYRE TOP RIGHT
(27:08 / All) dasfdasfasdf: ill be on all day
(27:09 / All) NlGGER_PRIDE: KILL THE FARM TOP RIGHT
(27:13 / All) UbetChaBuM: nigger
(27:17 / All) NlGGER_PRIDE: I should be on for most of the night
(27:23 / All) NlGGER_PRIDE: watching tv from 8 - 9
(27:24 / All) dasfdasfasdf: tomorrow morning
(27:25 / Allies) UbetChaBuM: omw
(27:26 / All) dasfdasfasdf: i mean
(27:29 / All) NlGGER_PRIDE: tomorrow?
(27:30 / All) NlGGER_PRIDE: yeah
(27:33 / All) NlGGER_PRIDE: dunno about morning
(27:34 / All) UbetChaBuM: GAME>
(27:35 / All) NlGGER_PRIDE: afternoon
(27:39 / All) NlGGER_PRIDE: definitely